BR (22 & UNDER)
AMITY GARDENS WESTERNERS @ LOGAN SWANS
07/30/2028
 
TOP OF THE 1ST
Amity Gardens Westerners batting - Pitching for Logan Swans : LHP Juan Parrot
Pitching: LHP Juan Parrot
Batting: RHB Manny Olhoa 0-0: Fly out, F9 (Flyball, 89M)
Batting: RHB Jorge García 0-0: Ball
1-0: Foul Ball, location: 2F
1-1: Called Strike
1-2: Ground out U3 (Groundball, 34)
Batting: RHB Josh Bergman 0-0: Ball
1-0: Ball
2-0: Ball
3-0: Called Strike
3-1: Ground out 6-3 (Groundball, 6)
Top of the 1st over - 0 run(s), 0 hit(s), 0 error(s), 0 left on base; Amity Gardens 0 - Logan 0
BOTTOM OF THE 1ST
Logan Swans batting - Pitching for Amity Gardens Westerners : RHP Frank Wilcox
Pitching: RHP Frank Wilcox
Batting: RHB Carlos Jiménez 0-0: Called Strike
0-1: Ball
1-1: Swinging Strike
1-2: Ball
2-2: Foul Ball, location: 2F
2-2: Ball
3-2: Strikes out swinging
Batting: RHB Joe Sulley 0-0: Called Strike
0-1: Reached on error, E6 (Groundball, 6)
Batting: LHB Merrill Erickson 0-0: SINGLE (Groundball, 56D)
Joe Sulley to third
Runner from 3rd tries for Home, SAFE, no throw
Batting: RHB Lawrence Ware 0-0: Foul Ball, location: 2F
0-1: Called Strike
0-2: Ball
1-2: Foul Ball, location: 2F
1-2: Foul Ball, location: 2F
1-2: Fly out, F8 (Flyball, 8LS)
Now in CF: Carlos Dumenigo
Batting: LHB Roberto Herrera 0-0: Ball
1-0: Ball
2-0: Ball
3-0: Called Strike
3-1: Swinging Strike
3-2: Base on Balls
Merrill Erickson to second
Batting: RHB Eliot James 0-0: Ball
1-0: Ball
2-0: Foul Ball, location: 2F
2-1: Ball
3-1: Base on Balls
Merrill Erickson to third
Roberto Herrera to second
Batting: SHB Torajiro Ito 0-0: Swinging Strike
0-1: Swinging Strike
0-2: Hit by Pitch
Merrill Erickson scores
Roberto Herrera to third
Eliot James to second
Batting: RHB Víctor Cuevas 0-0: Ball
1-0: Foul Ball, location: 2F
1-1: Ball
2-1: Fly out, F9 (Flyball, 89M)
Bottom of the 1st over - 2 run(s), 1 hit(s), 1 error(s), 3 left on base; Amity Gardens 0 - Logan 2
TOP OF THE 2ND
Amity Gardens Westerners batting - Pitching for Logan Swans : LHP Juan Parrot
Batting: SHB Chris Barrett 0-0: Fly out, F9 (Flyball, 9LD)
Batting: LHB Jack Mitchell 0-0: Called Strike
0-1: Ball
1-1: Swinging Strike
1-2: Ball
2-2: Fly out, F8 (Line Drive, 8RS)
Batting: RHB Jonathon García 0-0: Called Strike
0-1: Foul Ball, location: 2F
0-2: Ball
1-2: Ground out 6-3 (Groundball, 6MD)
Top of the 2nd over - 0 run(s), 0 hit(s), 0 error(s), 0 left on base; Amity Gardens 0 - Logan 2
BOTTOM OF THE 2ND
Logan Swans batting - Pitching for Amity Gardens Westerners : RHP Frank Wilcox
Batting: LHB Francisco Ríos 0-0: Called Strike
0-1: Called Strike
0-2: Ball
1-2: Ball
2-2: Ball
3-2: Foul Ball, location: 2F
3-2: Fly out, F9 (Flyball, 89M)
Batting: RHB Carlos Jiménez 0-0: Called Strike
0-1: Called Strike
0-2: SOLO HOME RUN (Flyball, 7D), Distance : 383 ft
Batting: RHB Joe Sulley 0-0: Ball
1-0: Swinging Strike
1-1: Ball
2-1: Swinging Strike
2-2: Foul Ball, location: 2F
2-2: Ball
3-2: Foul Ball, location: 2F
3-2: Fly out, F6 (Line Drive, 6)
Batting: LHB Merrill Erickson 0-0: Ball
1-0: SINGLE (Groundball, 34D)
Batting: RHB Lawrence Ware 0-0: Swinging Strike
0-1: Foul Ball, location: 2F
0-2: Foul Ball, location: 2F
0-2: Ball
1-2: Ball
2-2: Ground out 1-3 (Groundball, 13)
Bottom of the 2nd over - 1 run(s), 2 hit(s), 0 error(s), 1 left on base; Amity Gardens 0 - Logan 3
TOP OF THE 3RD
Amity Gardens Westerners batting - Pitching for Logan Swans : LHP Juan Parrot
Batting: RHB Ánibal Vega 0-0: Ball
1-0: Ball
2-0: Fly out, F5 (Line Drive, 5)
Batting: RHB Pat Johnston 0-0: Foul Ball, location: 2F
0-1: Ball
1-1: Foul Ball, location: 2F
1-2: Ball
2-2: Foul Ball, location: 2F
2-2: Ball
3-2: Foul Ball, location: 2F
3-2: Strikes out swinging
Batting: RHB Tomás Rivera 0-0: Called Strike
0-1: Swinging Strike
0-2: Strikes out looking
Top of the 3rd over - 0 run(s), 0 hit(s), 0 error(s), 0 left on base; Amity Gardens 0 - Logan 3
BOTTOM OF THE 3RD
Logan Swans batting - Pitching for Amity Gardens Westerners : RHP Frank Wilcox
Batting: LHB Roberto Herrera 0-0: Ground out U3 (Groundball, 34)
Batting: RHB Eliot James 0-0: Foul Ball, location: 2F
0-1: Called Strike
0-2: Foul Ball, location: 2F
0-2: Strikes out looking
Batting: SHB Torajiro Ito 0-0: Called Strike
0-1: Foul Ball, location: 2F
0-2: Strikes out swinging
Bottom of the 3rd over - 0 run(s), 0 hit(s), 0 error(s), 0 left on base; Amity Gardens 0 - Logan 3
TOP OF THE 4TH
Amity Gardens Westerners batting - Pitching for Logan Swans : LHP Juan Parrot
Batting: RHB Manny Olhoa 0-0: Foul Ball, location: 2F
0-1: Foul Ball, location: 2F
0-2: Ball
1-2: Foul Ball, location: 2F
1-2: Ball
2-2: Ground out 6-3 (Groundball, 6)
Batting: RHB Jorge García 0-0: Called Strike
0-1: Foul Ball, location: 2F
0-2: Strikes out looking
Batting: RHB Carlos Dumenigo 0-0: Ball
1-0: Called Strike
1-1: Fly out, F9 (Line Drive, 9LM)
Top of the 4th over - 0 run(s), 0 hit(s), 0 error(s), 0 left on base; Amity Gardens 0 - Logan 3
BOTTOM OF THE 4TH
Logan Swans batting - Pitching for Amity Gardens Westerners : RHP Frank Wilcox
Batting: RHB Víctor Cuevas 0-0: Called Strike
0-1: Ball
1-1: Ball
2-1: Called Strike
2-2: DOUBLE (Flyball, 89M)
Batting: LHB Francisco Ríos 0-0: Ball
1-0: Foul Ball, location: 2F
1-1: Ball
2-1: Foul Ball, location: 2F
2-2: Foul Ball, location: 2F
2-2: Foul Ball, location: 2F
2-2: Strikes out swinging
Pitching: LHP Tony Grimes
Batting: RHB Carlos Jiménez 0-0: Ball
1-0: Ball
2-0: Ball
3-0: Base on Balls
Batting: RHB Joe Sulley 0-0: Ball
1-0: Ball
2-0: Called Strike
2-1: Foul Ball, location: 2F
2-2: Ball
3-2: Foul Ball, location: 2F
3-2: Foul Ball, location: 2F
3-2: Base on Balls
Víctor Cuevas to third
Carlos Jiménez to second
Batting: LHB Merrill Erickson 0-0: Called Strike
0-1: Ball
1-1: Ball
2-1: Swinging Strike
2-2: Reached on error, E4 (Groundball, 34)
Víctor Cuevas scores
Carlos Jiménez to third
Joe Sulley to second
Batting: RHB Lawrence Ware 0-0: Ball
1-0: Ball
2-0: Called Strike
2-1: Fly out, F8 (Flyball, 8RS)
Batting: LHB Roberto Herrera 0-0: Ball
1-0: Called Strike
1-1: Swinging Strike
1-2: Strikes out swinging
Bottom of the 4th over - 1 run(s), 1 hit(s), 1 error(s), 3 left on base; Amity Gardens 0 - Logan 4
TOP OF THE 5TH
Amity Gardens Westerners batting - Pitching for Logan Swans : LHP Juan Parrot
Batting: SHB Chris Barrett 0-0: Fly out, F9 (Flyball, 9S)
Batting: LHB Jack Mitchell 0-0: Foul Ball, location: 2F
0-1: Foul Ball, location: 2F
0-2: Ball
1-2: SINGLE (Flyball, 8LS)
Batting: RHB Jonathon García 0-0: 2-RUN HOME RUN (Flyball, 7D), Distance : 396 ft
Batting: RHB Ánibal Vega 0-0: Ball
1-0: Called Strike
1-1: Ball
2-1: Ball
3-1: Called Strike
3-2: Strikes out swinging
Batting: RHB Pat Johnston 0-0: Ball
1-0: Called Strike
1-1: Swinging Strike
1-2: Fly out, F1 (Line Drive, 13)
Top of the 5th over - 2 run(s), 2 hit(s), 0 error(s), 0 left on base; Amity Gardens 2 - Logan 4
BOTTOM OF THE 5TH
Logan Swans batting - Pitching for Amity Gardens Westerners : LHP Tony Grimes
Batting: RHB Eliot James 0-0: Foul Ball, location: 2F
0-1: Called Strike
0-2: Strikes out swinging
Batting: SHB Torajiro Ito 0-0: Ball
1-0: Ground out 1-3 (Groundball, 13S)
Batting: RHB Víctor Cuevas 0-0: Called Strike
0-1: Foul Ball, location: 2F
0-2: Ball
1-2: Strikes out looking
Bottom of the 5th over - 0 run(s), 0 hit(s), 0 error(s), 0 left on base; Amity Gardens 2 - Logan 4
TOP OF THE 6TH
Amity Gardens Westerners batting - Pitching for Logan Swans : LHP Juan Parrot
Batting: RHB Tomás Rivera 0-0: Ground out 1-3 (Groundball, 15S)
Batting: RHB Manny Olhoa 0-0: Called Strike
0-1: Foul Ball, location: 2F
0-2: Ground out 5-3 (Groundball, 56S)
Batting: RHB Jorge García 0-0: Ball
1-0: Called Strike
1-1: Ball
2-1: Swinging Strike
2-2: Strikes out swinging
Top of the 6th over - 0 run(s), 0 hit(s), 0 error(s), 0 left on base; Amity Gardens 2 - Logan 4
BOTTOM OF THE 6TH
Logan Swans batting - Pitching for Amity Gardens Westerners : LHP Tony Grimes
Batting: LHB Francisco Ríos 0-0: Ball
1-0: Called Strike
1-1: Ball
2-1: Foul Ball, location: 2F
2-2: Foul Ball, location: 2F
2-2: Strikes out swinging
Batting: RHB Carlos Jiménez 0-0: Ball
1-0: Called Strike
1-1: SINGLE (Groundball, 4D)
Batting: RHB Joe Sulley 0-0: Swinging Strike
0-1: Fly out, F8 (Line Drive, 78M)
Batting: LHB Merrill Erickson 0-0: DOUBLE (Flyball, 8LXD)
Carlos Jiménez to third
Runner from 3rd tries for Home, SAFE, no throw
Batting: RHB Lawrence Ware 0-0: Intentional Walk
Batting: LHB Roberto Herrera 0-0: Ball
1-0: Ball
2-0: Called Strike
2-1: Foul Ball, location: 2F
2-2: Foul Ball, location: 2F
2-2: Hit by Pitch
Merrill Erickson to third
Lawrence Ware to second
Pitching: RHP Jeffrey Cochran
Batting: RHB Eliot James 0-0: Ball
1-0: Ball
2-0: Called Strike
2-1: SINGLE (Line Drive, 8RS)
Merrill Erickson scores
Lawrence Ware to third
Roberto Herrera to second
Runner from 3rd tries for Home, SAFE, no throw
Batting: SHB Torajiro Ito 0-0: Called Strike
0-1: Called Strike
0-2: Ball
1-2: Foul Ball, location: 2F
1-2: SINGLE (Flyball, 8LM)
Roberto Herrera to third
Eliot James to second
Batting: RHB Víctor Cuevas 0-0: Ball
1-0: Foul Ball, location: 2F
1-1: Ball
2-1: Foul Ball, location: 2F
2-2: Ball
3-2: Base on Balls
Roberto Herrera scores
Eliot James to third
Torajiro Ito to second
Batting: LHB Francisco Ríos 0-0: Ball
1-0: Foul Ball, location: 2F
1-1: Ball
2-1: SINGLE (Groundball, 34D)
Eliot James scores
Torajiro Ito to third
Víctor Cuevas to second
Runner from 3rd tries for Home, SAFE, no throw
Pitching: RHP Rod Whitaker
Batting: RHB Carlos Jiménez 0-0: Ball
1-0: DOUBLE (Groundball, 5L)
Víctor Cuevas scores
Francisco Ríos to third
Runner from 3rd tries for Home, SAFE, no throw
Batting: RHB Joe Sulley 0-0: Swinging Strike
0-1: Ball
Wild Pitch!
Carlos Jiménez to third
1-1: Ball
2-1: Foul Ball, location: 2F
2-2: Reached on error, E5 (Groundball, 56S)
Carlos Jiménez scores
Batting: LHB Merrill Erickson 0-0: Called Strike
Joe Sulley steals 2nd base
0-1: Ball
1-1: Foul Ball, location: 2F
1-2: Ball
2-2: Fly out, F9 (Flyball, 9)
Bottom of the 6th over - 9 run(s), 6 hit(s), 1 error(s), 1 left on base; Amity Gardens 2 - Logan 13
TOP OF THE 7TH
Amity Gardens Westerners batting - Pitching for Logan Swans : LHP Juan Parrot
Batting: RHB Carlos Dumenigo 0-0: Ball
1-0: Ball
2-0: Foul Ball, location: 2F
2-1: Called Strike
2-2: Ball
3-2: Ground out 5-3 (Groundball, 5)
Batting: SHB Chris Barrett 0-0: Ball
1-0: Fly out, F8 (Flyball, 89M)
Batting: LHB Jack Mitchell 0-0: Ball
1-0: Ground out 6-3 (Groundball, 56)
Top of the 7th over - 0 run(s), 0 hit(s), 0 error(s), 0 left on base; Amity Gardens 2 - Logan 13
BOTTOM OF THE 7TH
Logan Swans batting - Pitching for Amity Gardens Westerners : RHP Rod Whitaker
Batting: RHB Lawrence Ware 0-0: Called Strike
0-1: Ball
1-1: Swinging Strike
1-2: Ball
2-2: Ball
3-2: Foul Ball, location: 2F
3-2: Ground out 5-3 (Groundball, 56)
Batting: LHB Roberto Herrera 0-0: Called Strike
0-1: Foul Ball, location: 2F
0-2: Ball
1-2: Ground out 3-1 (Groundball, 34)
Batting: RHB Eliot James 0-0: Foul Ball, location: 2F
0-1: Ground out 5-3 (Groundball, 56S)
Bottom of the 7th over - 0 run(s), 0 hit(s), 0 error(s), 0 left on base; Amity Gardens 2 - Logan 13
TOP OF THE 8TH
Amity Gardens Westerners batting - Pitching for Logan Swans : LHP Juan Parrot
Pitching: RHP George Gore
Batting: RHB Jonathon García 0-0: Called Strike
0-1: Ball
1-1: Called Strike
1-2: Ball
2-2: Foul Ball, location: 2F
2-2: Foul Ball, location: 2F
2-2: Fly out, F3 (Popup, 3L)
Batting: RHB Ánibal Vega 0-0: Ball
1-0: Foul Ball, location: 2F
1-1: Foul Ball, location: 2F
1-2: Strikes out swinging
Batting: RHB Pat Johnston 0-0: Called Strike
0-1: Foul Ball, location: 2F
0-2: Ball
1-2: Fly out, F8 (Flyball, 8RM)
Top of the 8th over - 0 run(s), 0 hit(s), 0 error(s), 0 left on base; Amity Gardens 2 - Logan 13
BOTTOM OF THE 8TH
Logan Swans batting - Pitching for Amity Gardens Westerners : RHP Rod Whitaker
Batting: SHB Torajiro Ito 0-0: Ball
1-0: Called Strike
1-1: Hit by Pitch
Batting: RHB Víctor Cuevas 0-0: Ball
1-0: Foul Ball, location: 2F
1-1: Fly out, F8 (Flyball, 8LD)
Batting: LHB Francisco Ríos 0-0: Ball
1-0: Swinging Strike
1-1: Ball
2-1: Ball
3-1: Foul Ball, location: 2F
3-2: Strikes out swinging
Batting: RHB Carlos Jiménez 0-0: Fly out, F9 (Flyball, 9S)
Bottom of the 8th over - 0 run(s), 0 hit(s), 0 error(s), 1 left on base; Amity Gardens 2 - Logan 13
TOP OF THE 9TH
Amity Gardens Westerners batting - Pitching for Logan Swans : RHP George Gore
Now in LF: Francisco García
Batting: RHB Tomás Rivera 0-0: Fly out, F9 (Line Drive, 9S)
Batting: RHB Manny Olhoa 0-0: Foul Ball, location: 2F
0-1: Ball
1-1: Foul Ball, location: 2F
1-2: Ground out 5-3 (Groundball, 56)
Batting: RHB Jorge García 0-0: Called Strike
0-1: Ground out 5-3 (Groundball, 56)
Top of the 9th over - 0 run(s), 0 hit(s), 0 error(s), 0 left on base; Amity Gardens 2 - Logan 13
Tuesday, August 8th, 2017 - OOTP Baseball 17.12 Build 75